 Dungeon Crawl Stone Soup version 0.21.1-1-g345015fe64 (webtiles) character file.

220 Kohma the Shield-Bearer (level 5, -12/33 HPs)
             Began as a Gargoyle Fighter on June 16, 2018.
             Killed by divine providence
             ... invoked by an orc priest
              (14 damage)
             ... on level 4 of the Dungeon.
             The game lasted 00:07:43 (3169 turns).

Kohma the Shield-Bearer (Gargoyle Fighter)          Turns: 3169, Time: 00:07:43

Health: -12/33     AC: 17    Str: 21    XL:     5   Next: 97%
Magic:  5/5        EV:  4    Int:  8    God:
Gold:   186        SH:  9    Dex:  9    Spells: 4/4 levels left

rFire    . . .     SeeInvis .   a - +0 flail
rCold    . . .     Gourm    .   c - +0 shield
rNeg     + . .     Faith    .   o - +0 plate armour
rPois    ∞         Spirit   .   (no helmet)
rElec    +         Reflect  .   (no cloak)
rCorr    .         Harm     .   g - +0 pair of gloves
MR       .....                  (no boots)
Stlth    ..........             (no amulet)
HPRegen  0.11/turn              (no ring)
MPRegen  0.09/turn              (no ring)

@: no status effects
A: negative energy resistance 1, electricity resistance, unbreathing,
petrification resistance, rot immunity, AC +4
a: no special abilities


You were on level 4 of the Dungeon.
You were very hungry.

You visited 1 branch of the dungeon, and saw 4 of its levels.

You collected 186 gold pieces.

Inventory:

Hand Weapons
 a - a +0 flail (weapon)
 r - a +0 flail
 y - a +0 whip
Missiles
 m - 5 poisoned tomahawks (quivered)
 p - 8 javelins
 x - 10 tomahawks
Armour
 b - a +0 scale mail
 c - a +0 shield (worn)
 g - a +0 pair of gloves (worn)
 o - a +0 plate armour (worn)
Jewellery
 j - an uncursed amulet of rage {unknown}
 n - an uncursed ring of see invisible {unknown}
 s - a +4 amulet of reflection {unknown}
Scrolls
 i - 2 scrolls of blinking {unknown}
 k - 2 scrolls of teleportation {unknown}
 q - a scroll of enchant armour {unknown}
 u - a scroll of identify {unknown}
 w - a scroll of fog {unknown}
Potions
 d - 2 potions of might
 e - a potion of magic {unknown}
 h - 2 potions of agility {unknown}
 l - 2 potions of brilliance {unknown}
 t - a potion of degeneration {unknown}
 v - a potion of curing {unknown}
Comestibles
 f - 7 rations


   Skills:
 + Level 4.2 Fighting
 * Level 3.7 Maces & Flails
 + Level 4.0 Armour
 * Level 4.9 Shields


You had 4 spell levels left.
You didn't know any spells.

Dungeon Overview and Level Annotations

Branches:
Dungeon (4/15)
 Temple: D:4-7

Altars:
Elyvilon
Sif Muna
Vehumet

Annotations:
D:4 Grinder, Sigmund


Innate Abilities, Weirdness & Mutations

You are resistant to torment.
Your stone body is resilient. (AC +4)
You are immune to poison.
You resist negative energy. (rN+)
You are resistant to electric shocks. (rElec)
You can survive without breathing.
You are immune to petrification.
You are immune to rotting.


Message History

Beogh smites you!
* * * LOW HITPOINT WARNING * * *
Something hits you but does no damage.
You closely miss something.
The orc priest invokes the aid of Beogh against you.
Something hits you but does no damage.
You closely miss something.
You hear some strange, mumbled words.
A magic dart appears from out of thin air!
The magic dart hits you!
Your shield and plate armour prevent you from hitting something.
Something hits you but does no damage.
You thump something! Something hits you but does no damage.
You block something's attack.
Your shield and plate armour prevent you from hitting something.
Something hits you but does no damage.
You miss something. Something hits you but does no damage.
The orc priest invokes the aid of Beogh against you.
Beogh smites you!
You die...

#. #.#.# #.# #.
#.#.# #.#
##.#####.#.###.#
###.........<....#
##..........#.#####
##.......#####.#
#...≈≈≈...####)#
#..≈≈≈≈≈..oo{#.#
#..≈≈♣≈≈..###@.##
#..≈≈≈≈≈..# #...#
♣...≈≈≈...♣
#.#......
♣♣....o..♣♣
##..####. ♣♣....o♣♣
..# ♣♣...♣♣ .##
♣♣.....♣♣ .#
♣♣.......♣♣ .#
♣...≈{≈...♣ .#


You could see an orc priest and an orc.

Vanquished Creatures
  A howler monkey (D:3)
  10 adders
  An ooze (D:1)
  A worm (D:2)
  5 leopard geckos
  7 orcs
  6 giant cockroaches
  7 goblins
  13 hobgoblins
  2 jackals (D:3)
  4 kobolds (D:1)
  A quokka (D:3)
  2 ball pythons
  10 bats
  A frilled lizard (D:2)
  5 rats
76 creatures vanquished.

Notes
Turn   | Place    | Note
-------+----------+-------------------------------------------
     0 | D:1      | Kohma the Gargoyle Fighter began the quest for the Orb.
     0 | D:1      | Reached XP level 1. HP: 14/14 MP: 1/1
   240 | D:1      | Reached XP level 2. HP: 17/19 MP: 2/2
   536 | D:1      | Reached XP level 3. HP: 22/23 MP: 3/3
  1358 | D:2      | Found a radiant altar of Vehumet.
  1370 | D:2      | Reached XP level 4. HP: 27/29 MP: 4/4
  2227 | D:3      | Reached XP level 5. HP: 30/33 MP: 5/5
  2756 | D:3      | Found a deep blue altar of Sif Muna.
  2862 | D:4      | Noticed Sigmund
  2863 | D:4      | Noticed Grinder
  2863 | D:4      | Paralysed by Grinder for 5 turns
  3107 | D:4      | Found a white marble altar of Elyvilon.
  3169 | D:4      | Killed from afar by an orc priest

Skill      XL: |  1  2  3  4  5 |
---------------+----------------+-----
Shields        | 4 |  4.9
Maces & Flails | 3 |  3.7
Fighting       | 4 |  4.2
Armour         | 4 |  4.0

Action                   |  1- 3 |  4- 6 || total
-------------------------+-------+-------++-------
Melee: Flail             |   151 |   239 ||   390
  Eat: Chunk             |     2 |     5 ||     7
Armor: Scale mail        |    18 |       ||    18
       Plate armour      |   111 |   175 ||   286
Dodge: Dodged            |    31 |    41 ||    72
Block: Shield            |    71 |   110 ||   181
